 Dungeon Crawl Stone Soup version 0.27-b1-16-g6517624069 (webtiles) character file.

Game seed: 11675528368100886752

324 Urokeeper the Chopper (level 6, -1/53 HPs)
             Began as a Hill Orc Fighter on July 26, 2021.
             Slain by Pikel (20 damage)
             ... on level 4 of the Dungeon.
             The game lasted 00:17:12 (3354 turns).

Urokeeper the Chopper (Hill Orc Fighter)            Turns: 3354, Time: 00:17:12

Health: -1/53      AC:  9    Str: 21    XL:     6   Next: 48%
Magic:  6/6        EV:  8    Int:  8    God:
Gold:   170        SH: 11    Dex: 10    Spells: 5/5 levels left

rFire    . . .     SeeInvis .   a - +0 war axe
rCold    . . .     Faith    +   u - +2 kite shield
rNeg     . . .     Spirit   .   b - +0 scale mail
rPois    .         Reflect  .   m - +0 helmet
rElec    .         Harm     .   (no cloak)
rCorr    .         Rampage  .   s - +0 pair of gloves
Will     .....                  (no boots)
Stlth    ..........             q - amulet of faith
HPRegen  0.17/turn              d - ring of flight
MPRegen  0.10/turn              (no ring)

@: flying, studying Polearms
A: no striking features
a: no special abilities


You were on level 4 of the Dungeon.
You visited 1 branch of the dungeon, and saw 4 of its levels.

You collected 170 gold pieces.

Inventory:

Hand Weapons
 a - a +0 war axe (weapon)
 l - a +0 hunting sling of freezing
Missiles
 g - 33 poisoned darts (quivered)
 i - 35 arrows
 v - 26 bolts
Armour
 b - a +0 scale mail (worn)
 c - a +0 kite shield
 m - a +0 helmet (worn)
 s - a +0 pair of gloves (worn)
 u - a +2 kite shield (worn)
Magical Staves
 n - a staff of air
Jewellery
 d - a ring of flight (left hand)
 q - an amulet of faith (around neck)
Wands
 w - a wand of digging (7)
Scrolls
 f - 2 scrolls of identify {unknown}
 h - a scroll of fog {unknown}
 j - a scroll of brand weapon {unknown}
 k - a scroll of blinking {unknown}
 p - a scroll of noise {unknown}
 r - a scroll of enchant armour {unknown}
 t - a scroll of enchant weapon {unknown}
Potions
 e - a potion of lignification
 o - a potion of brilliance {unknown}


   Skills:
 + Level 4.4 Fighting
 + Level 6.1 Axes
 + Level 4.4 Armour
 + Level 1.0 Dodging
 + Level 0.2 Stealth
 + Level 4.3 Shields


You had 5 spell levels left.
You didn't know any spells.
Your spell library was empty.

Dungeon Overview and Level Annotations

Branches:
Dungeon (4/15)
 Temple: D:4-7

Altars:
Yredelemnul

Shops:
D:4 (

Annotations:
D:2 Sigmund
D:4 Pikel


Message History

a +0 dagger; 4 stones; a kobold skeleton
Found a stone staircase leading down.
There is an open door here.
Found a robe.
Found a leather armour.
Pikel the Slaver comes into view.
He is wielding a +0 whip of electrocution.
Pikel shouts!
Press: ? - help, v - describe, . - travel A rock wall.
Throw: 37 darts (poison)
Press: ? - help, Q - select action Shift-Dir - straight line, f - Pikel
Aim: Pikel, wielding a +0 whip of electrocution and wearing a +0 robe (50% to hit)
You throw a poisoned dart. The poisoned dart closely misses Pikel.
Throw: 36 darts (poison)
Press: ? - help, Q - select action Shift-Dir - straight line, f/p - Pikel
Aim: Pikel, wielding a +0 whip of electrocution and wearing a +0 robe (50% to hit)
You throw a poisoned dart. The poisoned dart closely misses Pikel.
A lemure comes into view.
Throw: 35 darts (poison)
Press: ? - help, Q - select action Shift-Dir - straight line, f/p - Pikel
Aim: Pikel, wielding a +0 whip of electrocution and wearing a +0 robe (50% to hit)
You throw a poisoned dart. The poisoned dart hits Pikel.
The lemure shouts!
Throw: 34 darts (poison)
Press: ? - help, Q - select action Shift-Dir - straight line, f/p - Pikel
Aim: Pikel, wielding a +0 whip of electrocution and wearing a +0 robe (50% to hit)
You throw a poisoned dart. The poisoned dart closely misses Pikel.
You barely miss Pikel. You block Pikel's attack.
Pikel hits you but does no damage.
You barely miss Pikel. Pikel hits you but does no damage.
You barely miss Pikel.
Pikel hits you with a +0 whip of electrocution.
You are electrocuted!
You barely miss Pikel. Pikel hits you but does no damage.
Pikel hits you with a +0 whip of electrocution.
You are electrocuted!!
You closely miss Pikel.
Pikel hits you with a +0 whip of electrocution.
You are electrocuted!!
You die...

#######
#(.5K@###########
..[..(.###...........###
....... #.######......#
.(..... #.# #.##.#.#
...##.. [.# #.##.#.# ..
##. .### #.##.#.# . ##.#
#.#..#.# #. #.#.##.# #
#.#.##.#


You could see Pikel and a lemure.

Vanquished Creatures
  3 lemures (D:4)
  A centaur (D:4)
  A kobold brigand (D:4)
  A centaur skeleton (D:2)
  A hound skeleton (D:4)
  Robin (D:2)
  4 adders
  A shadow imp (D:4)
  An ufetubus (D:4)
  An adder skeleton (D:2)
  A worm (D:2)
  A dart slug (D:1)
  7 ball pythons
  3 endoplasms
  2 giant cockroaches
  13 goblins
  10 hobgoblins
  7 jackals
  A quokka (D:2)
  5 bats
  6 kobolds
  2 rats
73 creatures vanquished.

Vanquished Creatures (others)
  7 plants (D:4)
7 creatures vanquished.

Grand Total: 80 creatures vanquished

Notes
Turn   | Place    | Note
-------+----------+-------------------------------------------
     0 | D:1      | Urokeeper the Hill Orc Fighter began the quest for the Orb.
     0 | D:1      | Reached XP level 1. HP: 19/19 MP: 1/1
   172 | D:1      | Reached XP level 2. HP: 23/27 MP: 2/2
   281 | D:1      | Reached skill level 3 in Axes
   433 | D:1      | Found a faded altar of an unknown god.
   571 | D:1      | Reached XP level 3. HP: 33/33 MP: 3/3
   739 | D:2      | Noticed Robin
   769 | D:2      | Killed Robin
   770 | D:2      | Reached skill level 4 in Axes
   981 | D:2      | Reached XP level 4. HP: 39/40 MP: 4/4
  1210 | D:2      | Noticed Sigmund
  1715 | D:2      | Reached XP level 5. HP: 37/46 MP: 5/5
  2560 | D:4      | Found a basalt altar of Yredelemnul.
  2567 | D:4      | Found Ihotes's Antique Weapon Emporium.
  2631 | D:4      | Noticed a kobold brigand
  2631 | D:4      | Noticed a centaur
  2649 | D:4      | Killed a kobold brigand
  2650 | D:4      | Reached skill level 5 in Axes
  2659 | D:4      | Reached XP level 6. HP: 18/53 MP: 6/6
  2665 | D:4      | Reached skill level 1 in Dodging
  2667 | D:4      | Reached skill level 6 in Axes
  3342 | D:4      | Noticed Pikel
  3354 | D:4      | Slain by Pikel

Illustrated notes

Levels and vault maps discovered:
D:1:      amcnicky_arrival_abandoned_market, layout_basic,
          ebering_ecumenical_altar_abandoned
D:2:      layout_basic, uniq_sigmund, uniq_robin
D:3:      layout_loops_ring, grunt_ministairs_13
D:4:      cheibrodos_quashed, layout_loops_corners, old_standard_altar,
          amcnicky_altar_gilded, serial_bayou, serial_bayou_crossing,
          serial_bayou_lake_a, serial_bayou_pond_d, serial_bayou_pond_a,
          serial_bayou_pond_a, serial_bayou_shore_a, nicolae_stop_n_shop_2,
          minmay_manual_mess, uniq_pikel

Skill      XL: |  1  2  3  4  5  6 |
---------------+-------------------+-----
Axes           | 3 4 5 6 |  6.1
Fighting       | 4 |  4.4
Shields        | 4 |  4.3
Armour         | 4 |  4.4
Dodging        | 1 |  1.0
Stealth        | |  0.2

Action                   |  1- 3 |  4- 6 || total
-------------------------+-------+-------++-------
Melee: War axe           |   105 |   133 ||   238
Throw: Dart              |       |     4 ||     4
  Use: Potion            |     1 |     2 ||     3
Armor: Scale mail        |    67 |    65 ||   132
       Skin              |       |     3 ||     3
Dodge: Dodged            |    44 |    35 ||    79
Block: Kite shield       |    67 |    72 ||   139
